AoeStats
← driboperez

Arena

509390736Analyzed
3v3 RM · 5d ago on Sep 26, 2026· 71m 11s· 6 players
Game mode
Random Map
Map size
Normal (6 player)
Population
200
Speed
Normal
Resources
Standard
Victory
Conquest
Starting age
Dark Age
Ending age
Imperial Age
RankedLock teamsTeams togetherTeam positionsShared explorationLock speedFull tech treeHidden civsTurbo modeCheats
Victory
Defeat
🇦🇹 Magyars · Austria
1031
+18
🇦🇹 Sicilians · Austria
1007
+18
🇦🇹 Goths · Austria
938
+21
🇨🇳 Portuguese · China
1112
-21
🇷🇴 Japanese · Romania
1044
-18
🇪🇸 Mongols · Spain
1025
-18
Nielu256
11:59 Feudal Age
10:47 Loom
16:17 Castle Age
15:49 Gold Mining
16:31 Fletching
17:15 Bodkin Arrow
17:39 Double-Bit Axe
24:17 Wheelbarrow
23:53 Padded Archer Armor
33:07 Crossbowman
34:10 Leather Archer Armor
38:26 Imperial Age
35:45 Town Watch
36:36 Thumb Ring
37:01 Bow Saw
38:16 Ballistics
38:07 Masonry
38:07 Fortified Wall
38:00 Scale Mail Armor
38:38 Caravan
39:06 Hand Cart
39:23 Chain Mail Armor
39:18 Forging
39:38 Masonry
41:40 Chemistry
41:53 Two-Man Saw
40:27 Pikeman
41:08 Squires
41:47 Plate Mail Armor
41:27 Halberdier
42:22 Arson
43:15 Hoardings
43:04 Conscription
43:27 Horse Collar
44:46 Heavy Plow
45:25 Gold Shaft Mining
44:40 Stone Mining
44:16 Arbalester
45:05 Siege Engineers
45:19 Elite Samurai
47:53 Bracer
48:24 Ring Archer Armor
48:29 Iron Casting
48:00 Scale Barding Armor
47:41 Treadmill Crane
48:37 Kataparuto
driboperez
10:52 Feudal Age
15:11 Castle Age
13:04 Double-Bit Axe
15:56 Loom
17:35 Horse Collar
18:16 Bow Saw
19:12 Wheelbarrow
19:09 Town Watch
21:51 Hand Cart
21:35 Gold Mining
23:16 Scale Barding Armor
23:51 Forging
24:31 Chain Barding Armor
25:42 Bloodlines
27:49 Iron Casting
29:28 Husbandry
35:47 Fletching
36:02 Nomads
40:12 Imperial Age
40:00 Devotion
40:34 Elite Steppe Lancer
43:11 Blast Furnace
45:47 Chemistry
44:58 Fortified Wall
44:44 Murder Holes
47:44 Bodkin Arrow
51:25 Gold Shaft Mining
50:41 Stone Mining
51:19 Drill
51:11 Pikeman
51:54 Scale Mail Armor
51:55 Padded Archer Armor
53:47 Bracer
110
0:28 Loom
12:18 Feudal Age
18:10 Castle Age
16:07 Double-Bit Axe
16:04 Horse Collar
16:18 Gold Mining
16:20 Stone Mining
17:50 Bloodlines
17:29 Town Watch
19:24 Husbandry
20:20 Heavy Plow
20:34 Bow Saw
24:30 Wheelbarrow
47:05 Imperial Age
54:06 Fletching
56:22 Bodkin Arrow
Biskrem
11:15 Feudal Age
15:47 Castle Age
14:30 Double-Bit Axe
14:28 Horse Collar
23:32 Scale Mail Armor
23:43 Forging
24:23 Heavy Plow
26:46 Chain Mail Armor
27:41 Iron Casting
29:47 Squires
30:34 Pikeman
33:02 Anarchy
36:06 Imperial Age
35:53 Wheelbarrow
36:27 Bow Saw
37:12 Conscription
38:10 Blast Furnace
37:19 Perfusion
37:21 Halberdier
37:59 Halberdier
41:05 Crop Rotation
41:28 Elite Huskarl
50:48 Two-Man Saw
51:32 Hand Cart
59:18 Caravan
(C) Destructo
5:44 Loom
11:54 Feudal Age
12:37 Double-Bit Axe
17:15 Castle Age
15:22 Gold Mining
15:50 Fletching
18:08 Padded Archer Armor
18:44 Bow Saw
21:31 Bodkin Arrow
25:31 Leather Archer Armor
29:17 Ballistics
29:59 Horse Collar
31:00 Scale Barding Armor
32:40 Heavy Plow
34:25 Masonry
35:39 Wheelbarrow
38:33 Imperial Age
36:06 Treadmill Crane
38:17 Corvinian Army
39:02 Chain Barding Armor
39:11 Hand Cart
41:29 Chemistry
40:45 Cavalier
40:56 Heavy Cavalry Archer
42:20 Elite Magyar Huszar
43:59 Bracer
44:35 Plate Barding Armor
45:12 Bloodlines
45:06 Town Watch
45:50 Paladin
46:31 Husbandry
46:32 Scale Mail Armor
46:25 Light Cavalry
50:30 Gold Shaft Mining
51:55 Chain Mail Armor
51:34 Light Cavalry
56:00 Hussar
59:10 Caravan
61:25 Hoardings
63:57 Stone Mining
64:59 Town Patrol
70:11 Conscription
69:52 Recurve Bow
70:23 Spies/Treason
Bane
8:57 Loom
9:39 Loom
12:02 Feudal Age
14:33 Loom
21:19 Castle Age
27:26 Scale Barding Armor
29:57 Wheelbarrow
29:18 Pikeman
33:00 Hand Cart
36:54 Imperial Age
34:57 Gold Mining
34:59 Stone Mining
35:43 Double-Bit Axe
37:25 Ballistics
37:46 Bow Saw
38:54 Heavy Scorpion
39:32 Fletching
42:44 Heavy Mounted Crossbowman
43:48 Bodkin Arrow
45:13 Chemistry
44:07 Cranequins
45:13 Bracer
47:39 Padded Archer Armor
66:14 Capped Ram
67:12 Siege Ram
71:17 Caravan
Connection lost

Rejoining the realm…

Still unreachable

The connection could not be restored.

Session expired

The server has moved on; the page needs a fresh start.